 Dungeon Crawl Stone Soup version 0.28-a0-750-g7c675f85b1 (webtiles) character file.

Game seed: 2041838193349932282

62 ytrimaz the Skirmisher (level 3, 0/29 HPs)
             Began as a Demonspawn Fighter on Oct 30, 2021.
             Slain by a gnoll (4 damage)
             ... on level 3 of the Dungeon.
             The game lasted 00:02:02 (2096 turns).

ytrimaz the Skirmisher (Demonspawn Fighter)         Turns: 2096, Time: 00:02:02

Health: 0/29       AC: 14    Str: 17    XL:     3   Next: 85%
Magic:  3/3        EV:  9    Int:  9    God:
Gold:   70         SH:  4    Dex: 12    Spells: 2/2 levels left

rFire   . . .      SeeInvis .   a - +0 rapier (freeze)
rCold   . . .      Faith    .   c - +0 buckler
rNeg    . . .      Spirit   .   b - +0 scale mail
rPois   .          Reflect  .   (no helmet)
rElec   .          Harm     .   (no cloak)
rCorr   .          Rampage  .   (no gloves)
Will    .....                   e - +0 pair of boots
Stlth   ..........              (no amulet)
HPRegen 0.09/turn               (no ring)
MPRegen 0.16/turn               (no ring)

@: sanguine armoured
A: magic regeneration, sanguine armour 1
a: no special abilities


You were on level 3 of the Dungeon.
You visited 1 branch of the dungeon, and saw 3 of its levels.

You collected 70 gold pieces.

Inventory:

Hand Weapons
 a - a +0 rapier of freezing (weapon)
 g - a +2 vampiric dagger
Armour
 b - a +0 scale mail (worn)
 c - a +0 buckler (worn)
 e - a +0 pair of boots (worn)
Potions
 d - a potion of might
 f - a potion of brilliance {unknown}
 h - 2 potions of curing {unknown}


   Skills:
 + Level 3.3 Fighting
 + Level 2.7 Short Blades
 + Level 3.2 Armour
 + Level 3.0 Shields


You had 2 spell levels left.
You didn't know any spells.
Your spell library contained the following spells:

 Spells                   Type           Power      Damage    Failure   Level
 Animate Skeleton         Necr           0%         N/A       83%         1
 Beastly Appendage        Tmut           0%         N/A       83%         1
 Pain                     Necr           0%         1d4       83%         1
 Wereblood                Tmut           0%         N/A       92%         2
 Spider Form              Tmut/Pois      0%         N/A       99%         3
 Vampiric Draining        Necr           0%         2d6       99%         3


Dungeon Overview and Level Annotations

Branches:
Dungeon (3/15)

Altars:


Innate Abilities, Weirdness & Mutations

You regenerate magic rapidly.
When seriously injured, your bleeding wounds create armour. (AC +6)


Message History

The gnoll barely misses you.
The gnoll hits you but does no damage. x2
Unknown command.
You hit the gnoll. You freeze the gnoll.
You kill the gnoll!
You block the gnoll's attack. x2
Unknown command.
You hit the gnoll. You freeze the gnoll.
The gnoll is lightly wounded.
The frilled lizard bites you but does no damage.
You block the gnoll's attack. x2
The frilled lizard bites you but does no damage.
You hit the gnoll but do no damage.
The gnoll is lightly wounded.
The gnoll hits you but does no damage. The gnoll hits you with a +0 spear.
The frilled lizard bites you but does no damage.
You closely miss the gnoll.
The gnoll is lightly wounded.
You block the gnoll's attack. The gnoll closely misses you.
The frilled lizard bites you.
You hit the gnoll. You freeze the gnoll.
The gnoll is heavily wounded.
You block the gnoll's attack. The gnoll hits you but does no damage.
The frilled lizard barely misses you. You block the gnoll's attack.
The gnoll hits you with a +3 spear.
Unknown command.
You closely miss the gnoll.
The gnoll is heavily wounded.
The frilled lizard bites you but does no damage.
The gnoll completely misses you. The gnoll barely misses you.
You closely miss the gnoll.
The gnoll is heavily wounded.
The frilled lizard barely misses you. The gnoll hits you with a +3 spear.
* * * LOW HITPOINT WARNING * * *
The gnoll hits you but does no damage.
Unknown command.
You barely miss the gnoll.
The gnoll is heavily wounded.
The frilled lizard bites you but does no damage.
The gnoll hits you with a +3 spear.
You die...

.. #.....##.....#
...
+.....##.....##.
..##
#...............
#...............
#..##.##.....###
#..##.##########
#.....####.....#
.......#..g#g....#
..#..#.#...@l....#
#.......?......#
................#
.....#........$....
...........#.......
##..##....#.......
#.. .....#...#...
#. .#....#...###.


You could see 2 gnolls and a frilled lizard.

Vanquished Creatures
  A gnoll (D:3)
  A dart slug (D:2)
  3 bats (D:1)
  6 endoplasms
  3 giant cockroaches (D:1)
  6 hobgoblins
  3 quokkas (D:1)
  3 ball pythons
  6 frilled lizards
  6 goblins
  4 kobolds
  6 rats
48 creatures vanquished.

Notes
Turn   | Place    | Note
-------+----------+-------------------------------------------
     0 | D:1      | ytrimaz the Demonspawn Fighter began the quest for the Orb.
     0 | D:1      | Reached XP level 1. HP: 18/18 MP: 1/1
   369 | D:1      | Gained mutation: You regenerate magic rapidly. [demonic
                  | ancestry]
   369 | D:1      | Reached XP level 2. HP: 24/24 MP: 2/2
  1166 | D:1      | Gained mutation: When seriously injured, your bleeding
                  | wounds create armour. (AC +6) [demonic ancestry]
  1166 | D:1      | Reached XP level 3. HP: 14/29 MP: 3/3
  1232 | D:1      | Found a faded altar of an unknown god.
  2096 | D:3      | Slain by a gnoll

Illustrated notes

Levels and vault maps discovered:
D:1:      matt_arrival_grand_opening, layout_basic,
          hellmonk_ecumenical_altar_heavens_door
D:2:      layout_loops_ring
D:3:      layout_basic, serial_undead, serial_undead_e, serial_undead_e,
          serial_undead_a, serial_undead_c, serial_shops, shop

Skill      XL: |  1  2 |
---------------+-------+-----
Short Blades   | 2 |  2.7
Armour         | 3 |  3.2
Shields        | 3 |  3.0
Fighting       | |  3.3

Action                   || total
-------------------------++-------
Melee: Rapier            ||   151
  Use: Scroll            ||     4
Armor: Scale mail        ||    84
Dodge: Dodged            ||    87
Block: Buckler           ||    36

Table legend: (Time is in decaauts)
 A = Elapsed time spent in this place.
 B = Non-inter-level travel time spent in this place.
 C = Inter-level travel time spent in this place.
 D = Time resting spent in this place.
 E = Time spent auto-exploring this place.
 F = Levels seen in this place.
 G = Mean time per level.
                   A        B        C        D        E       F      G
               +--------+--------+--------+--------+--------+-----+--------+
         Total |   2113 |   2095 |     18 |    628 |   1036 |   3 |  704.3 |
       Dungeon |   2113 |   2095 |     18 |    628 |   1036 |   3 |  704.3 |
               +--------+--------+--------+--------+--------+-----+--------+

Top non-repeatable levels by time:
     D:1: 1402 daAuts
     D:2: 626 daAuts
     D:3: 84 daAuts
